 Dungeon Crawl Stone Soup version 0.22-a0-469-gf26638a (webtiles) character file.

3658 xravenx the Grappler (level 9, -16/85 HPs)
             Began as a Troll Fighter on June 13, 2018.
             Was a Believer of Okawaru.
             Killed from afar by Erica (24 damage)
             ... with an orb of energy
             ... on level 8 of the Dungeon.
             The game lasted 00:38:03 (7961 turns).

xravenx the Grappler (Troll Fighter)                Turns: 7961, Time: 00:38:04

Health: -16/85     AC:  8    Str: 26    XL:     9   Next: 88%
Magic:  8/8        EV: 25    Int:  4    God:    Okawaru [**....]
Gold:   437        SH: 10    Dex: 12    Spells: 8/8 levels left

rFire    . . .     SeeInvis .     - Unarmed
rCold    . . .     Gourm    +   b - +0 shield
rNeg     . . .     Faith    .   t - +2 robe {MR+}
rPois    .         Spirit   .   (helmet restricted)
rElec    .         Reflect  .   x - +0 cloak
rCorr    .         Harm     .   (gloves unavailable)
MR       +....                  (boots unavailable)
Stlth    +.........             p - amulet of the acrobat
HPRegen  0.64/turn              (no ring)
MPRegen  0.11/turn              (no ring)

@: hasted, very quick
A: large, unfitting armour, claws 3, fast metabolism 3, gourmand, regeneration
1, shaggy fur 1, tough skin 2
a: Heroism, Renounce Religion


You were on level 8 of the Dungeon.
You worshipped Okawaru.
Okawaru was pleased with you.
You were very full.

You visited 2 branches of the dungeon, and saw 9 of its levels.

You collected 536 gold pieces.
You spent 99 gold pieces at shops.

Inventory:

Armour
 a - the cursed +0 robe of Lucidity {Str+4 Int+2}
   (You found it on level 6 of the Dungeon)

   It affects your strength (+4).
   It affects your intelligence (+2).
   It has a curse placed upon it.
 b - a +0 shield (worn)
 t - a +2 robe of magic resistance (worn)
 x - a +0 cloak (worn)
Jewellery
 i - an uncursed amulet of magic regeneration
 l - a cursed -3 ring of intelligence
 p - an amulet of the acrobat (around neck)
Wands
 c - a wand of digging (7)
 s - a wand of random effects (49)
 u - a wand of iceblast (9)
 v - a wand of polymorph (3)
Scrolls
 f - a scroll of fog
 g - 3 scrolls of magic mapping
 h - a scroll of amnesia
 q - 4 scrolls of teleportation
 y - a scroll of identify
 A - a scroll of remove curse
Potions
 e - 2 potions of lignification
 j - 2 potions of agility {unknown}
 k - a potion of berserk rage {unknown}
 m - a potion of haste
 n - 5 potions of curing
 o - a potion of heal wounds {unknown}
 r - 3 potions of brilliance {unknown}
 w - a potion of mutation {unknown}
 z - a potion of flight {unknown}
Comestibles
 d - 22 rations


   Skills:
 * Level 4.3 Fighting
 * Level 4.3 Dodging
 * Level 6.2 Shields
 - Level 11.0 Unarmed Combat


You had 8 spell levels left.
You didn't know any spells.
Your spell library was empty.

Dungeon Overview and Level Annotations

Branches:
Dungeon (8/15)             Temple (1/1) D:7
   Lair: D:8-11

Altars:
Ashenzari
Dithmenos
Hepliaklqana
Kikubaaqudgha
Makhleb
Nemelex Xobeh
Okawaru
Ru
Sif Muna
Trog
Wu Jian
Xom

Shops:
D:5 *

Annotations:
D:8 Erica


Innate Abilities, Weirdness & Mutations

You are too large for most types of armour.
You have claws for hands.
Your metabolism is lightning-fast.
You like to eat raw meat.
Your natural rate of healing is unusually fast.
You are covered in fur. (AC +1)
You have very tough skin. (AC +2)


Message History

Erica flickers and vanishes!
Deactivating autopickup; reactivate with Ctrl-A.
You barely miss something.
You hear some strange, mumbled words.
An orb of energy appears from out of thin air!
The orb of energy hits you!
You barely miss something. Something hits you. Something burns you.
You claw something!
You hear some strange, mumbled words.
An orb of energy appears from out of thin air!
The orb of energy hits you!
You hear some strange, mumbled words.
An orb of energy appears from out of thin air!
The orb of energy hits you!
* * * LOW HITPOINT WARNING * * *
The orb of energy explodes!
You feel yourself speed up.
An orb of energy appears from out of thin air!
The orb of energy hits you!
You die...

## #...# #...<...#
.##### #.### #####....#
.....###.#####........#
...............###....#
...........##### #....#
#####..#.#...#####....#
......##.........###)##
#####..###...#...###.#
###......###.@....#
#....##..###..##..# #.
#.###..#..###..##
#.##..##.....##....#
#..................#
#...##.........##..#
#..####..._...####.#
#...##.........# .#
#..................#


There were no monsters in sight!

Vanquished Creatures
  Pikel (D:8)
  Prince Ribbit (D:8)
  A spriggan (D:7)
  Eustachio (D:4)
  3 orc warriors
  A sky beast (D:5)
  2 phantoms
  6 ogres
  2 centaurs (D:5)
  3 bullfrogs
  A big kobold (D:8)
  A scorpion (D:6)
  3 killer bees
  A bullfrog zombie (D:7)
  2 crimson imps
  A centaur zombie (D:6)
  4 orc priests
  A gnoll shaman (D:5)
  2 quasits
  Crazy Yiuf (D:5)
  3 hounds
  5 orc wizards
  4 iguanas
  Ijyb (D:5)
  2 worker ants
  A killer bee zombie (D:6)
  A hound skeleton (D:6)
  A worker ant zombie (D:8)
  Robin (D:3)
  3 gnolls (D:5)
  7 adders
  2 shadow imps (D:5)
  An ooze (D:1)
  2 adder skeletons (D:7)
  5 worms
  2 dart slugs
  2 leopard geckos
  28 orcs
  10 bats
  5 giant cockroaches
  16 goblins
  12 hobgoblins
  16 jackals
  11 kobolds
  5 quokkas
  3 frilled lizards
  A leopard gecko zombie (D:5)
  A quokka skeleton (D:4)
  9 rats
198 creatures vanquished.

Vanquished Creatures (others)
  An adder skeleton (D:8)
1 creature vanquished.

Grand Total: 199 creatures vanquished

Notes
Turn   | Place    | Note
-------+----------+-------------------------------------------
     0 | D:1      | xravenx the Troll Fighter began the quest for the Orb.
     0 | D:1      | Reached XP level 1. HP: 22/22 MP: 0/0
   323 | D:1      | Reached XP level 2. HP: 29/29 MP: 1/1
   482 | D:1      | Reached skill level 3 in Unarmed Combat
   723 | D:1      | Reached XP level 3. HP: 36/36 MP: 2/2
  1592 | D:2      | Reached skill level 4 in Unarmed Combat
  1806 | D:2      | Reached XP level 4. HP: 43/44 MP: 3/3
  2035 | D:2      | Reached skill level 5 in Unarmed Combat
  2316 | D:3      | Reached XP level 5. HP: 50/50 MP: 4/4
  2878 | D:3      | Noticed Robin
  2887 | D:3      | Killed Robin
  3344 | D:4      | Noticed Eustachio
  3364 | D:4      | Killed Eustachio
  3364 | D:4      | Reached skill level 6 in Unarmed Combat
  3364 | D:4      | Reached XP level 6. HP: 53/59 MP: 5/5
  3443 | D:4      | Found a hazy altar of Hepliaklqana.
  3565 | D:4      | Reached skill level 7 in Unarmed Combat
  4053 | D:5      | Entered Level 5 of the Dungeon
  4151 | D:5      | Reached XP level 7. HP: 64/66 MP: 6/6
  4330 | D:5      | Reached skill level 8 in Unarmed Combat
  4536 | D:5      | Reached skill level 9 in Unarmed Combat
  4570 | D:5      | Reached XP level 8. HP: 50/74 MP: 7/7
  4588 | D:5      | Noticed Ijyb
  4620 | D:5      | Killed Ijyb
  4637 | D:5      | Found Fucolyics's Assorted Antiques.
  4645 | D:5      | Bought an embroidered robe for 99 gold pieces
  4738 | D:5      | Reached skill level 10 in Unarmed Combat
  5267 | D:5      | Found a runed door.
  5310 | D:5      | Noticed Crazy Yiuf
  5312 | D:5      | Killed Crazy Yiuf
  5408 | D:6      | Got a shadowed robe
  5883 | D:6      | Found a shattered altar of Ashenzari.
  6194 | D:6      | Identified the cursed +0 robe of Lucidity {Str+4 Int+2} (You found it on level 6 of the Dungeon)
  6310 | D:7      | Reached skill level 11 in Unarmed Combat
  6334 | D:7      | Found a staircase to the Ecumenical Temple.
  6351 | Temple   | Entered the Ecumenical Temple
  6424 | Temple   | Became a worshipper of Warmaster Okawaru
  6574 | D:7      | Reached XP level 9. HP: 75/80 MP: 8/8
  6654 | D:7      | Reached skill level 5 in Shields
  6978 | D:7      | Reached * piety under Okawaru
  7691 | D:8      | Noticed Pikel
  7719 | D:8      | Killed Pikel
  7719 | D:8      | Reached ** piety under Okawaru
  7810 | D:8      | Noticed Prince Ribbit
  7819 | D:8      | Killed Prince Ribbit
  7902 | D:8      | Found a shadowy altar of Dithmenos.
  7935 | D:8      | Noticed Erica
  7950 | D:8      | HP: 3/85 [something/orb of energy (38)]
  7961 | D:8      | Killed from afar by Erica

Vault maps used:
D:1:      ebering_trefoil_3fold, minmay_pentomino_t4
D:2:      kennysheep_six_static_rooms, serial_forest, infiniplex_forest_3_way,
          infiniplex_forest_clump_long, infiniplex_forest_straight_4,
          infiniplex_forest_clump_cross, infiniplex_forest_lined_corner,
          infiniplex_forest_end_1, infiniplex_forest_clump_small
D:3:      first_ration, uniq_robin
D:4:      old_standard_altar, uniq_eustachio
D:5:      serial_shops, kennysheep_little_box, uniq_ijyb,
          uniq_crazy_yiuf_cottage
D:6:      nicolae_ashenzari_panopticon
D:7:      minmay_temple_entry_trees, the_bakery
D:8:      nicolae_tso_swordbearing_angel, gammafunk_temple_overflow_pools,
          nicolae_dithmenos_shadow_blocks, uniq_prince_ribbit1, uniq_erica,
          uniq_pikel
Temple:   eino_temple_scatter_basement

Skill      XL: |  1  2  3  4  5  6  7  8  9 |
---------------+----------------------------+-----
Unarmed Combat | 3 4 5 6 7 9 11 | 11.0
Shields        | 4 6 |  6.2
Fighting       | 4 |  4.3
Dodging        | 4 |  4.3

Action                   |  1- 3 |  4- 6 |  7- 9 || total
-------------------------+-------+-------+-------++-------
Melee: Unarmed           |   115 |   159 |   304 ||   578
  Use: Scroll            |     4 |     2 |     7 ||    13
       Potion            |       |     1 |     1 ||     2
 Stab: Sleeping          |     1 |       |     1 ||     2
  Eat: Chunk             |    22 |    20 |    35 ||    77
Armor: Robe              |    45 |    35 |    67 ||   147
Dodge: Dodged            |    42 |    37 |   103 ||   182
Block: Shield            |    47 |    56 |   116 ||   219

Table legend:
 A = Spawn XP
 B = Non-spawn XP
 C = Spawn XP percentage of total XP
 D = Spawn monster count
 E = Non-spawn monster count
 F = Spawn count percentage of total count
 G = Total turns spent on level
                    A         B        C        D         E        F      G
               +---------+---------+-------+---------+---------+-------+---------
         Total |       0 |    5227 |   0.0 |       0 |     198 |   0.0 |  7961
               +---------+---------+-------+---------+---------+-------+---------
           D:1 |       0 |      43 |   0.0 |       0 |      24 |   0.0 |  1088
           D:2 |       0 |     119 |   0.0 |       0 |      31 |   0.0 |  1135
           D:3 |       0 |     137 |   0.0 |       0 |      38 |   0.0 |  1080
           D:4 |       0 |     393 |   0.0 |       0 |       9 |   0.0 |   750
           D:5 |       0 |    1245 |   0.0 |       0 |      35 |   0.0 |  1308
           D:6 |       0 |     431 |   0.0 |       0 |      14 |   0.0 |   838
           D:7 |       0 |    1499 |   0.0 |       0 |      30 |   0.0 |  1272
           D:8 |       0 |    1360 |   0.0 |       0 |      17 |   0.0 |   402
               +---------+---------+-------+---------+---------+-------+---------
